 Dungeon Crawl Stone Soup version 0.20-a0-502-g555d78b (webtiles) character file.

202 penismuncher the Slasher (level 5, -7/41 HPs)
             Began as a Demonspawn Fighter on Jan 21, 2017.
             Killed by divine providence
             ... invoked by an orc priest
              (12 damage)
             ... on level 3 of the Dungeon.
             The game lasted 00:02:10 (2412 turns).

penismuncher the Slasher (Demonspawn Fighter)       Turns: 2412, Time: 00:02:11

Health: -7/41      AC: 14    Str: 16    XL:     5   Next: 50%
Magic:  5/5        EV:  6    Int:  9    God:
Gold:   78         SH:  8    Dex: 14    Spells: 4/4 levels left

rFire    . . .     SeeInvis .   j - +1 short sword (protect)
rCold    . . .     Gourm    .   b - +0 scale mail
rNeg     . . .     Faith    .   c - +0 shield
rPois    .         Spirit   .   (helmet restricted)
rElec    .         Reflect  .   u - +0 cloak
rCorr    .         Harm     .   (no gloves)
MR       .....                  (no boots)
Stlth    +.........             (no amulet)
Regen    0.2/turn               (no ring)
                                (no ring)

@: protection aura
A: horns 1, nightstalker 1
a: no special abilities


You were on level 3 of the Dungeon.
You were not hungry.

You visited 1 branch of the dungeon, and saw 3 of its levels.

You collected 78 gold pieces.

Inventory:

Hand Weapons
 a - a +0 long sword
 j - a +1 short sword of protection (weapon)
 k - a +2 antimagic dagger
Armour
 b - a +0 scale mail (worn)
 c - a +0 shield (worn)
 u - a +0 cloak (worn)
Wands
 l - a wand of iceblast (2/15)
Scrolls
 g - 2 scrolls of noise {unknown}
 h - a scroll of remove curse {unknown}
 n - a scroll of blinking {unknown}
 q - 2 scrolls of identify {unknown}
 r - 2 scrolls of teleportation {unknown}
Potions
 d - a potion of haste
 e - a potion of lignification {unknown}
 m - 2 potions of curing {unknown}
 p - a potion of flight {unknown}
 s - a potion of resistance {unknown}
Comestibles
 f - a bread ration
 i - 3 meat rations
 o - a beef jerky


   Skills:
 - Level 3.0 Fighting
 + Level 5.3 Long Blades
 - Level 2.6 Armour
 - Level 2.6 Shields


You had 4 spell levels left.
You didn't know any spells.

Dungeon Overview and Level Annotations

Branches:
Dungeon (3/15)

Altars:


Innate Abilities, Weirdness & Mutations

You have a pair of small horns on your head.
You are slightly more attuned to the shadows.


Message History

You are too injured to fight recklessly!
You are too injured to fight recklessly!
You are too injured to fight recklessly!
You are too injured to fight recklessly!
You are too injured to fight recklessly!
You are too injured to fight recklessly!
You are too injured to fight recklessly!
You are too injured to fight recklessly!
You are too injured to fight recklessly!
You are too injured to fight recklessly!
The orc priest invokes the aid of Beogh against you.
Beogh smites you!
* * * LOW HITPOINT WARNING * * *
Things that are here:
a dagger; 2 stones; a kobold corpse You hit the orc priest.
The orc priest is moderately wounded.
The orc priest calls down the wrath of Beogh upon you.
Beogh smites you!
You die...

.# #.# .# #.#
.# #.##### .#
#.†...########
.#
##...........#
.#
#....######.#
## #.#### #(#
#.# #)# #.# #@#
#.# #o# ####.#
... #....#
##.## #.##.#
#.# ###.##.## #
#.# ........#
.# #.#
###.##..##.####
#.##.........


You could see an orc priest.

Vanquished Creatures
  Crazy Yiuf (D:2)
  A hound (D:3)
  Ijyb (D:2)
  Jessica (D:2)
  2 adders (D:2)
  An ooze (D:1)
  A dart slug (D:1)
  A leopard gecko (D:3)
  3 orcs (D:3)
  2 ball pythons (D:1)
  2 giant cockroaches
  8 goblins
  9 hobgoblins
  3 jackals
  11 kobolds
  7 bats
  3 frilled lizards (D:2)
  4 rats
61 creatures vanquished.

Notes
Turn   | Place    | Note
-------+----------+-------------------------------------------
     0 | D:1      | penismuncher the Demonspawn Fighter began the quest for the Orb.
     0 | D:1      | Reached XP level 1. HP: 18/18 MP: 1/1
    27 | D:1      | You fall through a shaft!
    54 | D:2      | Reached skill level 2 in Long Blades
   333 | D:1      | Gained mutation: You are slightly more attuned to the shadows. [demonic ancestry]
   333 | D:1      | Reached XP level 2. HP: 21/24 MP: 2/2
   556 | D:1      | Reached skill level 3 in Long Blades
   808 | D:1      | Reached XP level 3. HP: 29/29 MP: 3/3
  1331 | D:2      | Found a runed door.
  1371 | D:2      | Noticed Ijyb
  1387 | D:2      | Noticed Jessica
  1401 | D:2      | Killed Ijyb
  1401 | D:2      | Reached skill level 4 in Long Blades
  1401 | D:2      | Reached XP level 4. HP: 8/35 MP: 4/4
  1402 | D:2      | Killed Jessica
  2191 | D:2      | Noticed Crazy Yiuf
  2193 | D:2      | Killed Crazy Yiuf
  2193 | D:2      | Reached skill level 5 in Long Blades
  2193 | D:2      | Gained mutation: You have a pair of small horns on your head. [demonic ancestry]
  2193 | D:2      | Reached XP level 5. HP: 41/41 MP: 5/5
  2412 | D:3      | Killed from afar by an orc priest

Vault maps used:
D:1:      grunt_arrival_lava_bath
D:2:      uniq_jessica, uniq_crazy_yiuf_cottage, uniq_iyjb
D:3:      grunt_temple_overflow_lords_of_destruction

Skill      XL: |  1  2  3  4 |
---------------+-------------+-----
Long Blades    | 2 3 4 5 |  5.3
Fighting       | |  3.0
Armour         | |  2.6
Shields        | |  2.6

Action                   |  1- 3 |  4- 6 || total
-------------------------+-------+-------++-------
Melee: Long sword        |   108 |       ||   108
       Short sword       |    54 |    67 ||   121
       Headbutt          |       |     4 ||     4
Evoke: Wand              |       |     2 ||     2
  Use: Potion            |     1 |       ||     1
 Stab: Sleeping          |       |     1 ||     1
  Eat: Chunk             |     2 |       ||     2
       Bread ration      |       |     1 ||     1
Armor: Scale mail        |    69 |    33 ||   102
Dodge: Dodged            |    37 |    13 ||    50
Block: Shield            |    95 |    24 ||   119
       Rpst.: Long sword |    12 |       ||    12
